 Dungeon Crawl Stone Soup version 0.17.1-2-g5865329 (webtiles) character file.

403503 Peloso the Minotaur Blade (level 22, -1/211 HPs)
             Began as a Minotaur Fighter on Jan 31, 2016.
             Was the Champion of Okawaru.
             Killed by divine providence
             ... invoked by a sphinx
              (13 damage)
             ... on level 5 of the Vaults.
             The game lasted 04:12:56 (59821 turns).

Peloso the Minotaur Blade (Minotaur Fighter)       Turns: 59821, Time: 04:12:57

Health: -1/211     AC: 46    Str: 26    XL:     22   Next: 32%
Magic:  34/34      EV:  5    Int: 10    God:    Okawaru [******]
Gold:   3976       SH: 25    Dex: 13    Spells: 0 memorised, 21 levels left

rFire  + . .     SeeInvis +     c - +7 demon blade of Truth {venom, *Noise +Blink rF+ MP+9}
rCold  . . .     Clarity  +     L - +8 orange crystal plate armour {Archmagi, Int+3 Clar SustAt}
rNeg   . . .     SustAt   +     g - +0 large shield "Denuup" {rElec rPois Int-5 Slay+2}
rPois  +         Gourm    .     r - +0 hat "Lanlag" {Int+3 SInv}
rElec  +         Spirit   .     i - +2 cloak {MR+}
rCorr  .         Warding  .     w - +3 pair of gauntlets of War {Slay+5}
rMut   .         Stasis   .     D - +2 pair of boots {run}
MR     +....                    o - amulet of faith
Stlth  ..........               y - ring of Jegiaggi {rPois MR- Int+4 Slay+4}
                                (no ring)

@: marked, very slightly contaminated, slowed, constricted, very slow, somewhat
resistant to hostile enchantments, extremely unstealthy
A: retaliatory headbutt, horns 2, talons 1, breathe flames 1, high mp 1, weak 1,
no device heal 1
a: Heroism, Finesse, Renounce Religion, Breathe Fire, Evoke Blink
}: 2/15 runes: barnacled, gossamer


You were on level 5 of the Vaults.
You worshipped Okawaru.
Okawaru was exalted by your worship.
You were very hungry.

You visited 8 branches of the dungeon, and saw 45 of its levels.
You also visited: Labyrinth, Trove and Wizlab.

You collected 6919 gold pieces.
You spent 2943 gold pieces at shops.

Inventory:

Hand Weapons
 c - the +7 demon blade of Truth (weapon) {venom, *Noise +Blink rF+ MP+9}
   (Okawaru gifted it to you on level 13 of the Dungeon)

   It poisons the flesh of those it strikes.
   It protects you from fire.
   It affects your magic capacity (+9).
   It lets you blink.
   It may make noises in combat.
 u - a +3 long sword of flaming
 P - a +7 double sword of electrocution
Armour
 g - the +0 large shield "Denuup" (worn) {rElec rPois Int-5 Slay+2}
   (You found it in a treasure trove)

   It affects your intelligence (-5).
   It affects your accuracy and damage with ranged weapons and melee attacks
   (+2).
   It insulates you from electricity.
   It protects you from poison.
 i - a +2 cloak of magic resistance (worn)
 r - the +0 hat "Lanlag" (worn) {Int+3 SInv}
   (Okawaru gifted it to you on level 1 of the Shoals)

   It affects your intelligence (+3).
   It lets you see invisible.
 w - the +3 pair of gauntlets of War (worn) {Slay+5}
   (You acquired it on level 1 of the Vaults)

   It affects your accuracy and damage with ranged weapons and melee attacks
   (+5).
 D - a +2 pair of boots of running (worn)
 E - the +0 crystal plate armour "Hiesm" {rPois rCorr Int+7 Dex-4}
   (Okawaru gifted it to you on level 2 of the Spider Nest)

   It affects your intelligence (+7).
   It affects your dexterity (-4).
   It protects you from poison.
   It protects you from acid and corrosion.
 K - the +6 plate armour "Maejevo" {rF+ rC+ Str+4 Int+4}
   (Okawaru gifted it to you in a wizard's laboratory)

   It affects your strength (+4).
   It affects your intelligence (+4).
   It protects you from fire.
   It protects you from cold.
 L - the +8 orange crystal plate armour (worn) {Archmagi, Int+3 Clar SustAt}
   (Okawaru gifted it to you on level 7 of the Lair of Beasts)

   It affects your intelligence (+3).
   It sustains your strength, intelligence and dexterity.
   It protects you against confusion.
 M - a +2 hat of magic resistance
Jewellery
 m - the ring of Ysmur {+Fly rC+}
   (You found it in a treasure trove)

   [ring of flight]

   It protects you from cold.
   It lets you fly.
 o - an amulet of faith (around neck)
 x - the amulet of Wishful Thinking {+Rage +Fly rElec MP-9}
   (You took it off a deep elf death mage on level 3 of the Elven Halls)

   [amulet of rage]

   It insulates you from electricity.
   It affects your magic capacity (-9).
   It lets you fly.
   It lets you go berserk.
 y - the ring of Jegiaggi (right hand) {rPois MR- Int+4 Slay+4}
   (You found it on level 4 of the Lair of Beasts)

   [ring of slaying]

   It affects your intelligence (+4).
   It affects your accuracy and damage with ranged weapons and melee attacks
   (+4).
   It protects you from poison.
   It affects your resistance to hostile enchantments.
 C - an uncursed ring of protection from magic
 I - an uncursed amulet of stasis
 O - an uncursed amulet of resist mutation
Wands
 J - a wand of hasting (3)
 W - a wand of disintegration (2)
Scrolls
 a - 2 scrolls of enchant armour
 h - 3 scrolls of amnesia
 n - 12 scrolls of remove curse
 p - 8 scrolls of fear
 A - 2 scrolls of holy word
 B - 9 scrolls of teleportation
 F - a scroll of magic mapping
 N - 8 scrolls of identify
 Q - a scroll of summoning
 R - a scroll of blinking
Potions
 d - 7 potions of might
 k - 12 potions of curing
 l - 4 potions of haste
 q - 6 potions of resistance
 t - 2 potions of magic
 v - a potion of brilliance
 z - 3 potions of heal wounds
 H - 3 potions of flight
 T - 3 potions of berserk rage
 U - a potion of invisibility
Books
 G - a book of Flames

   Spells                             Type                      Level
   a - Flame Tongue                   Conjuration/Fire             1
   b - Throw Flame                    Conjuration/Fire             2
   c - Conjure Flame                  Conjuration/Fire             3
   d - Inner Flame                    Hexes/Fire                   3
   e - Sticky Flame                   Conjuration/Fire             4
   f - Fireball                       Conjuration/Fire             5
Comestibles
 b - 3 beef jerkies
 e - 18 bread rations
 f - 2 fruits
 j - 15 royal jellies
 s - 17 meat rations
 V - 5 chunks of flesh


   Skills:
 + Level 20.9 Fighting
 + Level 25.5 Long Blades
 + Level 18.7 Armour
 + Level 5.2 Dodging
 + Level 2.6 Stealth
 + Level 24.1 Shields
 + Level 3.1 Invocations
 + Level 0.1 Evocations


You had 21 spell levels left.
You didn't know any spells.

Dungeon Overview and Level Annotations

Branches:
Dungeon (15/15)            Temple (0/1) D:6            Lair (8/8) D:10
 Shoals (4/4) Lair:5       Spider (4/4) Lair:6        Slime (2/6) Lair:8
    Orc (4/4) D:9             Elf (3/3) Orc:3        Vaults (5/5) D:13
  Crypt (0/3) Vaults:3     Depths (0/5) D:15

Altars:
Cheibriados
Dithmenos
Fedhas
Gozag
Kikubaaqudgha
Makhleb
Okawaru
Ru
Sif Muna
Trog
Vehumet
Xom
Jiyva

Shops:
D:10 }   D:11 [   D:13 }!(*?   D:14 ?   D:15 =   Orc:3 ?   Orc:4 %%}!(([*
Elf:1 !   Shoals:2 !   Vaults:1 :   Vaults:3 :

Portals:
Hell: Lair:8


Innate Abilities, Weirdness & Mutations

You reflexively headbutt those who attack you in melee.
You have a pair of horns on your head.
You have sharp toenails.
You can breathe flames.
You have an increased reservoir of magic (+10% MP).
You are weak. (Str -2)
Potions and wands are less effective at restoring your health.


Message History

A red very ugly thing comes into view.
You slice the red very ugly thing!!
The red very ugly thing is poisoned.
The red very ugly thing is moderately wounded.
The red very ugly thing engulfs you.
* * * LOW HITPOINT WARNING * * *
The sphinx mumbles some strange words.
Something smites you!
* * * LOW HITPOINT WARNING * * *
The yaktaur hits you but does no damage.
The tentacled monstrosity tentacle-slaps you but does no damage.
You block the tentacled monstrosity's attack.
The tentacled monstrosity tentacle-slaps you but does no damage.
The tentacled monstrosity constricts you.
You slice the red very ugly thing!! You headbutt the red very ugly thing!
The red very ugly thing is severely wounded.
You feel like a meek peon again.
You block the red very ugly thing's attack.
The sphinx casts a spell.
Something smites you!
You die...

#O#.#. #c#.#.#
#T#.#.# #O#.#.#.
##T#.#.#.#.
#o#.#O#.#$#.
##)#Q#.#c#H# #..
#c#H#.#p#p# #...
##@#.#C#.#
#....#u#X#C#[#.
#....##)#p#c#.#
#....#.#p#p#.# #
#^..4e#.#e#x#.#
.#.#%.eCHC#p#.#.#.#
.....ppppDp#.#.#.#.
##..cOe...c.######
.....c1DCp9.......


You could see a tentacled monstrosity, a red very ugly thing, a sphinx, a tengu
reaver, 2 vault guards, a yaktaur, an ogre and a small abomination.

Vanquished Creatures
  Mara (Vaults:4)
  Nikola (Spider:3)
  Xtahua (Vaults:4)
  3 liches
  Jorgrun (Elf:2)
  An acid blob (Slime:1)
  Asterion (Spider:2)
  A deep elf blademaster (Elf:3)
  3 titans (Vaults:5)
  2 deep elf master archers (Elf:3)
  2 sphinxes (Vaults:2)
  Agnes (Spider:4)
  Frances (Spider:2)
  Kirke (D:13)
  A storm dragon (Vaults:5)
  2 tengu reavers
  Ilsuiw (Shoals:4)
  Wiglaf (Vaults:2)
  A frost giant (Vaults:4)
  3 fire giants
  Donald (Spider:4)
  Maud (Orc:2)
  5 ghost moths
  8 deep elf sorcerers (Elf:3)
  5 emperor scorpions
  9 vault wardens
  3 very ugly things (Vaults:4)
  8 ironheart preservers
  A large abomination (Vaults:5)
  6 stone giants
  Nessos (Lair:5)
  8 deep elf annihilators
  6 deep elf demonologists
  Azrael (Elf:2)
  3 salamander stormcallers
  3 dire elephants
  11 purple draconians (WizLab)
  The ghost of Opium the Cleaver, a journeyman HOFi of Beogh (Elf:2)
  7 merfolk javelineers
  9 merfolk impalers
  8 yaktaur captains
  An ettin (Vaults:5)
  A fire dragon (Vaults:4)
  A minotaur (Lab)
  7 deep elf death magi
  34 vault guards
  6 deep elf high priests
  An ice dragon (Vaults:1)
  2 great orbs of eyes
  2 ghost crabs (shapeshifter)
  12 hydras
  Erolcha (Orc:1)
  A catoblepas (Lair:6)
  Erica (D:8)
  16 dancing weapons (Elf:2)
  7 merfolk avatars
  3 alligator snapping turtles
  A satyr (Shoals:4)
  A queen ant (Lair:4)
  5 centaur warriors
  5 ogre magi
  4 deep troll shamans
  4 merfolk aquamancers
  3 tengu warriors
  3 orc high priests (Orc:4)
  A small abomination (Vaults:4)
  8 death yaks
  Urug (D:15)
  A sun demon (Lair:8)
  A shadow wraith (Vaults:3)
  Nergalle (Orc:1)
  23 deep elf knights
  2 fire crabs
  13 unseen horrors
  6 skeletal warriors (D:13)
  12 sea snakes
  4 wizards
  11 deep elf summoners
  15 orc knights
  8 hill giants
  15 deep elf conjurers
  11 harpies
  2 oklob plants
  13 ironbrand convokers
  5 deep trolls
  16 manticores
  16 ugly things
  32 wolf spiders
  An anubis guard (shapeshifter) (Vaults:5)
  2 phantasmal warriors (Vaults:5)
  3 shining eyes
  10 orb spiders
  A necromancer (Vaults:2)
  A stone giant zombie (Vaults:2)
  7 hornets
  17 griffons
  A wolf spider zombie (D:13)
  8 water nymphs
  6 fauns
  6 orc sorcerers
  2 tengu skeletons (Vaults:2)
  A salamander (D:15)
  5 cyclopes
  12 elephants
  14 spiny frogs
  13 sirens
  A sixfirhy (Lair:8)
  A human skeleton (Vaults:2)
  Joseph (D:7)
  A moth of wrath (shapeshifter) (Vaults:4)
  5 orange demons (Lair:8)
  18 vault sentinels
  2 gargoyles
  A molten gargoyle (Lair:3)
  3 torpor snails
  8 black mambas
  An eye of devastation (Slime:1)
  2 kobold demonologists
  14 komodo dragons
  12 demonic crawlers
  11 freezing wraiths
  A fire drake (shapeshifter) (Vaults:4)
  7 trolls
  A hellwing (Lair:8)
  7 fire drakes
  24 yaktaurs
  A minotaur zombie (Lab)
  A queen bee (shapeshifter) (D:13)
  2 wind drakes (shapeshifter)
  16 deep elf priests
  20 jumping spiders
  46 slime creatures
  22 blink frogs
  Grinder (D:5)
  8 two-headed ogres
  A polar bear (Lair:8)
  2 red devils (Lair:8)
  3 blue devils (Lair:8)
  31 merfolk
  8 boulder beetles
  6 wind drakes
  14 snapping turtles
  48 deep elf magi
  2 humans (shapeshifter) (D:15)
  17 tarantellas
  4 hungry ghosts
  A spriggan (shapeshifter) (Vaults:4)
  5 wyverns
  11 water elementals
  A wraith (Vaults:3)
  39 deep elf fighters
  51 redbacks
  A hog (D:13)
  A tarantella (shapeshifter) (Elf:1)
  A vampire (Vaults:3)
  25 vampire mosquitoes
  23 trapdoor spiders
  2 basilisks
  48 yaks
  11 hippogriffs
  6 fire elementals (Elf:2)
  A hippogriff (shapeshifter) (Vaults:4)
  13 wolves
  2 shadows
  16 water moccasins
  The ghost of Jerry the Digger, an amateur OpEE (D:3)
  2 hell hounds (Elf:2)
  A mottled dragon (D:12)
  6 wargs
  12 soldier ants (Lair:4)
  A wasp (shapeshifter) (Vaults:2)
  11 porcupines
  46 orc warriors
  A necrophage (D:6)
  7 ice beasts
  5 black bears
  8 spiders
  3 boggarts (Vaults:1)
  25 ogres
  30 crocodiles
  A sky beast (D:15)
  3 eyes of draining
  11 centaurs
  2 big kobolds
  19 giant frogs
  A wyvern skeleton (D:10)
  4 scorpions
  3 killer bees (D:11)
  A spriggan skeleton (Lab)
  13 wights
  5 electric eels
  5 centaur zombies
  7 crimson imps
  11 jellies
  2 quasits
  A giant frog zombie (D:12)
  42 orc wizards
  2 human simulacra
  4 centaur skeletons
  10 hounds
  34 orc priests
  5 gnoll shamans (D:3)
  10 iguanas
  42 worker ants
  10 statues
  An elf simulacrum (Vaults:2)
  33 sheep
  A killer bee zombie (D:7)
  2 hound zombies
  47 gnolls
  3 worker ant zombies
  104 river rats
  19 adders
  3 shadow imps
  6 oozes
  An adder skeleton (D:9)
  An adder zombie (D:5)
  3 worms
  4 giant geckos
  193 orcs
  3 ball pythons
  6 bats
  5 giant cockroaches
  3 goblins
  5 hobgoblins
  3 quokkas
  A giant gecko zombie (D:5)
  5 giant newts
  20 jackals
  A jackal zombie (D:9)
  16 kobolds
  6 rats (D:3)
  7 crawling corpses
  A fire vortex (Lair:6)
  4 fungi
  6 plants
2135 creatures vanquished.

Vanquished Creatures (others)
  A merfolk javelineer (Shoals:4)
  4 humans (D:13)
  A deep elf mage (Elf:3)
  An ice beast (D:13)
  An ogre (Vaults:4)
  A wight (D:13)
  An orc wizard (Orc:4)
  2 worker ants
  An orc (D:8)
  A crawling corpse (Elf:2)
  16 fungi
  22 plants
52 creatures vanquished.

Grand Total: 2187 creatures vanquished

Notes
Turn   | Place    | Note
--------------------------------------------------------------
     0 | D:1      | Peloso the Minotaur Fighter began the quest for the Orb.
     0 | D:1      | Reached XP level 1. HP: 19/19 MP: 0/0
    74 | D:1      | Reached skill level 4 in Shields
   190 | D:1      | You fall through a shaft!
   342 | D:2      | Reached XP level 2. HP: 27/27 MP: 1/1
   618 | D:2      | Reached XP level 3. HP: 33/33 MP: 2/2
   913 | D:3      | Reached XP level 4. HP: 31/40 MP: 3/3
   921 | D:3      | Reached skill level 5 in Shields
   928 | D:3      | Reached skill level 1 in Dodging
  1205 | D:3      | Noticed an ogre
  1208 | D:3      | Noticed Jerry's ghost (amateur OpEE)
  1231 | D:3      | Reached XP level 5. HP: 46/46 MP: 4/4
  1237 | D:3      | Killed an ogre
  1237 | D:3      | Reached skill level 6 in Shields
  1243 | D:3      | Reached XP level 6. HP: 50/52 MP: 5/5
  1249 | D:3      | Killed Jerry's ghost
  1494 | D:3      | Reached skill level 7 in Shields
  1543 | D:3      | Reached skill level 5 in Armour
  2013 | D:3      | Reached XP level 7. HP: 29/60 MP: 6/6
  2612 | D:3      | Reached skill level 5 in Fighting
  2780 | D:4      | Found a radiant altar of Vehumet.
  2790 | D:4      | Reached skill level 5 in Long Blades
  2966 | D:4      | Reached skill level 8 in Shields
  2994 | D:4      | Found an iron altar of Okawaru.
  3012 | D:4      | Became a worshipper of Warmaster Okawaru
  3214 | D:4      | Reached XP level 8. HP: 66/68 MP: 7/7
  3640 | D:4      | Found a burning altar of Makhleb.
  3640 | D:4      | Found a shimmering altar of Xom.
  3976 | D:4      | Got a dazzling dagger
  3977 | D:4      | Identified the +7 dagger "Murgheli" {freeze, rElec} (You found it on level 4 of the Dungeon)
  4011 | D:5      | Entered Level 5 of the Dungeon
  4039 | D:5      | Noticed Grinder
  4070 | D:5      | Killed Grinder
  4561 | D:5      | Reached * piety under Okawaru
  4771 | D:6      | Reached skill level 9 in Shields
  4906 | D:6      | Noticed an angel
  4993 | D:6      | Noticed a rust devil
  5066 | D:6      | Reached ** piety under Okawaru
  5130 | D:6      | Reached XP level 9. HP: 75/75 MP: 8/8
  5394 | D:6      | Found a staircase to the Ecumenical Temple.
  5671 | D:7      | Noticed Joseph
  5685 | D:7      | Killed Joseph
  5685 | D:7      | Reached *** piety under Okawaru
  5685 | D:7      | Reached skill level 10 in Shields
  5819 | D:7      | Reached **** piety under Okawaru
  6294 | D:7      | Found an ancient bone altar of Kikubaaqudgha.
  6295 | D:7      | Found an opulent altar of Gozag.
  6316 | D:7      | Gained mutation: You can breathe flames. [potion of beneficial mutation]
  6400 | D:8      | Noticed Erica
  6430 | D:8      | Killed Erica
  6430 | D:8      | Reached skill level 11 in Shields
  6430 | D:8      | Reached XP level 10. HP: 62/86 MP: 9/9
  6479 | D:8      | Reached ***** piety under Okawaru
  7204 | D:9      | Found a staircase to the Orcish Mines.
  7247 | D:9      | Found a sacrificial altar of Ru.
  7538 | D:9      | Found a shadowy altar of Dithmenos.
  7539 | D:9      | Found a snail-covered altar of Cheibriados.
  7606 | D:10     | Entered Level 10 of the Dungeon
  7843 | D:10     | Reached skill level 1 in Stealth
  7843 | D:10     | Reached skill level 12 in Shields
  8106 | D:10     | Found a staircase to the Lair.
  8288 | D:10     | Noticed a hill giant
  8297 | D:10     | Killed a hill giant
  8297 | D:10     | Received a gift from Okawaru
  8297 | D:10     | Reached skill level 10 in Armour
  8567 | D:10     | Found Qyefojye's Gadget Shop.
  8656 | D:11     | Reached XP level 11. HP: 95/95 MP: 10/10
  8660 | D:11     | Reached skill level 10 in Long Blades
  8713 | D:11     | Found Daptotiu's Armour Shop.
  8758 | D:11     | Noticed a green ugly thing
  8775 | D:11     | Killed a green ugly thing
  8775 | D:11     | Reached ****** piety under Okawaru
  8897 | Lair:1   | Entered Level 1 of the Lair of Beasts
  9019 | Lair:1   | Noticed a six-headed hydra
  9029 | Lair:1   | Killed a two-headed hydra
  9029 | Lair:1   | Received a gift from Okawaru
  9169 | Lair:1   | Reached skill level 13 in Shields
 10125 | Lair:1   | Received a gift from Okawaru
 10128 | Lair:1   | Got a smoking chain mail {god gift}
 10139 | Lair:1   | Identified the +0 chain mail of Responsibility {rF++ Int+6} (Okawaru gifted it to you on level 1 of the Lair of Beasts)
 10323 | Lair:2   | Reached skill level 10 in Fighting
 10323 | Lair:2   | Reached XP level 12. HP: 38/106 MP: 11/11
 10744 | Lair:2   | Reached skill level 14 in Shields
 10978 | Lair:2   | Noticed a six-headed hydra
 10984 | Lair:2   | Killed a one-headed hydra
 11651 | Lair:3   | Noticed a four-headed hydra
 11658 | Lair:3   | Killed a one-headed hydra
 11708 | Lair:3   | Received a gift from Okawaru
 12172 | Lair:3   | Received a gift from Okawaru
 12370 | Lair:4   | Noticed a six-headed hydra
 12385 | Lair:3   | Killed a one-headed hydra
 12894 | Lair:4   | Reached skill level 15 in Shields
 13297 | Lair:4   | Received a gift from Okawaru
 13418 | Lair:4   | Got a scintillating bronze ring
 13421 | Lair:4   | Identified the ring of Jegiaggi {rPois MR- Int+4 Slay+4} (You found it on level 4 of the Lair of Beasts)
 13422 | Lair:4   | Gained mutation: You have an increased reservoir of magic (+10% MP). [potion of beneficial mutation]
 13423 | Lair:4   | Gained mutation: You have sharp toenails. [potion of beneficial mutation]
 13457 | Lair:4   | Reached XP level 13. HP: 81/116 MP: 13/13
 13705 | Lair:4   | Received a gift from Okawaru
 14256 | Lair:5   | Noticed Nessos
 14990 | Lair:5   | Killed Nessos
 15050 | Lair:5   | Reached skill level 16 in Shields
 15509 | Lair:5   | Reached skill level 5 in Dodging
 15627 | Lair:5   | Found a staircase to the Shoals.
 15643 | Lair:5   | Received a gift from Okawaru
 16173 | Lair:6   | Found a labyrinth entrance.
 16182 | Lab      | Entered a labyrinth
 16597 | Lab      | Identified a +2 pair of boots of running (You found it in a labyrinth)
 16607 | Lab      | Identified a +1 pair of boots of running (You found it in a labyrinth)
 16750 | Lair:6   | Found a hole to the Spider Nest.
 17547 | Lair:7   | Reached XP level 14. HP: 127/127 MP: 14/14
 18149 | Lair:7   | Received a gift from Okawaru
 18227 | Lair:7   | Received a gift from Okawaru
 18506 | Lair:8   | Entered Level 8 of the Lair of Beasts
 18646 | Lair:8   | Reached skill level 17 in Shields
 18827 | Lair:8   | Found a staircase to the Slime Pits.
 18828 | Lair:8   | Found a viscous altar of Jiyva.
 19058 | Lair:8   | Reached skill level 15 in Long Blades
 19573 | Lair:8   | Paralysed by a wizard for 5 turns
 19585 | Lair:8   | Received a gift from Okawaru
 19593 | Lair:8   | Found a burning altar of Makhleb.
 20052 | Lair:8   | Found a gateway to Hell.
 20061 | Lair:8   | Got a faintly humming buckler
 20075 | Lair:8   | Identified the +0 buckler of Devotion {+Blink Int-4 SInv} (You found it on level 8 of the Lair of Beasts)
 20583 | Lair:8   | Identified a scroll of acquirement
 20586 | Lair:8   | Got a faintly glowing shield
 20598 | Lair:8   | Identified the +0 shield of the Dwarven Hall {+Blink Str-3 Slay+2} (You acquired it on level 8 of the Lair of Beasts)
 21409 | D:11     | Noticed an unseen horror
 21418 | D:11     | Killed an unseen horror
 21791 | D:12     | Reached XP level 15. HP: 137/137 MP: 15/15
 22461 | D:13     | Found Wolekeh's Gadget Shop.
 22480 | D:13     | Noticed Kirke
 22504 | D:13     | Killed Kirke
 22577 | D:13     | Reached skill level 18 in Shields
 22582 | D:13     | Received a gift from Okawaru
 23462 | D:13     | Found a gate to the Vaults.
 23503 | D:13     | Received a gift from Okawaru
 23531 | D:13     | Got an iridescent demon blade {god gift}
 23534 | D:13     | Identified the +7 demon blade of Truth {venom, *Noise +Blink rF+ MP+9} (Okawaru gifted it to you on level 13 of the Dungeon)
 23692 | D:13     | Got a pair of dazzling boots
 23703 | D:13     | Identified the +0 pair of boots of the Fisher {rElec} (You acquired it on level 13 of the Dungeon)
 23797 | D:13     | Found Foted's Assorted Antiques.
 23823 | D:13     | Bought a scroll of acquirement for 1248 gold pieces
 23823 | D:13     | Bought a scroll of identify for 48 gold pieces
 23873 | D:13     | Found Fucecem's Weapon Emporium.
 23873 | D:13     | Found Sura's Distillery.
 23989 | D:13     | Received a gift from Okawaru
 24091 | D:13     | Found Lausiunn's Magic Scroll Shop.
 24094 | D:13     | Bought a scroll of identify for 36 gold pieces
 24147 | D:13     | Found a portal to a secret trove of treasure.
 24774 | D:14     | Found a burning altar of Makhleb.
 25162 | D:14     | Found Efunun's Magic Scroll Shop.
 25203 | D:15     | Entered Level 15 of the Dungeon
 25218 | D:15     | Found Vasiq's Jewellery Shoppe.
 25247 | D:15     | Received a gift from Okawaru
 25346 | D:15     | Noticed Urug
 25361 | D:15     | Killed Urug
 25412 | D:15     | Reached XP level 16. HP: 129/147 MP: 16/16
 25605 | D:15     | Reached skill level 15 in Fighting
 26037 | D:15     | Received a gift from Okawaru
 26041 | D:15     | Got a spiked animal skin {god gift}
 26058 | D:15     | Identified the +1 animal skin of Pusteim {*Confuse rElec rPois} (Okawaru gifted it to you on level 15 of the Dungeon)
 26109 | D:15     | Found a blossoming altar of Fedhas.
 26155 | D:15     | Found a staircase to the Depths.
 26434 | Orc:1    | Entered Level 1 of the Orcish Mines
 26509 | Orc:1    | Noticed Erolcha
 26515 | Orc:1    | Killed Erolcha
 26810 | Orc:2    | Found a bloodstained altar of Trog.
 26854 | Orc:2    | Noticed Maud
 26867 | Orc:2    | Killed Maud
 27252 | Orc:3    | Found a staircase to the Elven Halls.
 27256 | Orc:3    | Found a bloodstained altar of Trog.
 27583 | Orc:3    | Found Bocluur's Magic Scroll Boutique.
 27602 | Orc:3    | Bought a scroll of acquirement for 624 gold pieces
 27761 | Orc:3    | Reached skill level 15 in Armour
 28055 | Orc:4    | Entered Level 4 of the Orcish Mines
 28153 | Orc:4    | Found Veasinomul's General Store.
 28292 | Orc:4    | Found Zadamn's Antique Armour Emporium.
 28450 | Orc:4    | Found Siamp's Food Boutique.
 28458 | Orc:4    | Found Wuneyky's Food Shoppe.
 28677 | Orc:4    | Found Meimyimput's Antique Weapon Emporium.
 28999 | Orc:4    | Paralysed by an orc sorcerer for 6 turns
 29288 | Orc:4    | Found Sianaj's Weapon Emporium.
 29297 | Orc:4    | Found Poshreug's Distillery.
 29323 | Orc:4    | Found Goruhih's Gadget Shop.
 29863 | Spider:1 | Entered Level 1 of the Spider Nest
 30033 | Spider:1 | Reached skill level 19 in Shields
 30768 | Spider:2 | Noticed Frances
 30788 | Spider:2 | Killed Frances
 30788 | Spider:2 | Received a gift from Okawaru
 30793 | Spider:2 | Got an encrusted crystal plate armour {god gift}
 30803 | Spider:2 | Identified Gepu's Almanac of Boosts
 30825 | Spider:2 | Identified the +0 crystal plate armour "Hiesm" {rPois rCorr Int+7 Dex-4} (Okawaru gifted it to you on level 2 of the Spider Nest)
 30899 | Spider:2 | Noticed Asterion
 30913 | Spider:2 | Killed Asterion
 30916 | Spider:2 | Reached skill level 1 in Invocations
 31790 | Spider:3 | Noticed Nikola
 31814 | Spider:3 | Killed Nikola
 31814 | Spider:3 | Reached XP level 17. HP: 70/158 MP: 15/18
 32590 | Spider:4 | Entered Level 4 of the Spider Nest
 32752 | Spider:4 | Received a gift from Okawaru
 32796 | Spider:4 | Got an ancient large shield {god gift}
 32808 | Spider:4 | Identified the +0 large shield of the Evil One {*Corrode MR++ Dex+3} (Okawaru gifted it to you on level 4 of the Spider Nest)
 33689 | Spider:4 | Noticed Donald
 33693 | Spider:4 | Killed Donald
 33975 | Spider:4 | Noticed Agnes
 33986 | Spider:4 | Killed Agnes
 34162 | Spider:4 | Reached skill level 20 in Long Blades
 34215 | Spider:4 | Got a gossamer rune of Zot
 34473 | Shoals:1 | Entered Level 1 of the Shoals
 34568 | Shoals:1 | Received a gift from Okawaru
 34576 | Shoals:1 | Got a heavily runed hat {god gift}
 34588 | Shoals:1 | Identified the +0 hat "Lanlag" {Int+3 SInv} (Okawaru gifted it to you on level 1 of the Shoals)
 35316 | Shoals:2 | Found Uhit's Distillery.
 36202 | Shoals:2 | Reached XP level 18. HP: 163/170 MP: 19/19
 36429 | Shoals:3 | Received a gift from Okawaru
 36835 | Shoals:3 | HP: 8/170 [drowned by a drowned soul[a merfolk avatar] (9)]
 38430 | Shoals:4 | Entered Level 4 of the Shoals
 38432 | Shoals:4 | Noticed Ilsuiw
 38823 | Shoals:4 | Killed Ilsuiw
 39182 | Shoals:4 | Reached skill level 21 in Long Blades
 39239 | Shoals:4 | Received a gift from Okawaru
 39435 | Shoals:4 | Received a gift from Okawaru
 40323 | Shoals:4 | Received a gift from Okawaru
 40368 | Shoals:4 | Got a barnacled rune of Zot
 41939 | D:13     | Bought a wand of heal wounds (3) for 588 gold pieces
 42062 | D:13     | Bought a scroll of recharging for 171 gold pieces
 42105 | D:13     | Bought a scroll of recharging for 228 gold pieces
 42166 | D:13     | You paid a toll of a wand of heal wounds (9) to enter a treasure trove
 42167 | Trove    | Entered a treasure trove
 42188 | Trove    | Identified the Volume of Damaging Clay
 42194 | Trove    | Got a faintly glowing large shield
 42205 | Trove    | Identified the +0 large shield "Denuup" {rElec rPois Int-5 Slay+2} (You found it in a treasure trove)
 42209 | Trove    | Got a wavering jade ring
 42211 | Trove    | Identified the ring of Ysmur {+Fly rC+} (You found it in a treasure trove)
 42216 | Trove    | Got a steaming pewter ring
 42218 | Trove    | Identified the ring "Qiuteiku" {Ice Dex+5} (You found it in a treasure trove)
 42430 | Elf:1    | Entered Level 1 of the Elven Halls
 43154 | Elf:1    | Found Xeulae's Distillery.
 43246 | Elf:1    | Reached XP level 19. HP: 175/175 MP: 21/21
 43597 | Elf:1    | Received a gift from Okawaru
 43641 | Elf:2    | Noticed Jorgrun
 43652 | Elf:2    | Killed Jorgrun
 43816 | Elf:2    | Noticed Opium's ghost (journeyman HOFi)
 43835 | Elf:2    | Killed Opium's ghost
 44327 | Elf:2    | Found a runed gate.
 44327 | Elf:2    | Found a runed gate.
 44328 | Elf:2    | Found a runed gate.
 44430 | Elf:2    | Reached skill level 22 in Long Blades
 44443 | Elf:2    | Noticed Azrael
 44472 | Elf:2    | Killed Azrael
 45331 | Elf:3    | Entered Level 3 of the Elven Halls
 45367 | Elf:3    | Received a gift from Okawaru
 47182 | Elf:3    | Got a fine bronze ring
 47202 | Elf:3    | Identified the ring of Xukallitt {rPois rF- rC++ Int+4} (You took it off a deep elf annihilator on level 3 of the Elven Halls)
 47229 | Elf:3    | Got a heavily runed silver amulet
 47290 | Elf:3    | Identified the Volume of Mutagenic Clay
 47318 | Elf:3    | Got a warped plate armour
 47329 | Elf:3    | Identified the +7 plate armour of the Country {MR+ Str+2 Int+4} (You found it on level 3 of the Elven Halls)
 47375 | Elf:3    | Got a steaming broad axe {freeze}
 47376 | Elf:3    | Identified the +5 broad axe "Igirent" {freeze, rF+ Str+4 Int-3 Dex+6} (You took it off a deep elf annihilator on level 3 of the Elven Halls)
 47380 | Elf:3    | Got a scintillating steel ring
 47381 | Elf:3    | Identified the ring of the Countless Moons {Ice MR+ Int+3} (You found it on level 3 of the Elven Halls)
 47813 | Elf:3    | Identified the amulet of Wishful Thinking {+Rage +Fly rElec MP-9} (You took it off a deep elf death mage on level 3 of the Elven Halls)
 47880 | Elf:3    | Received a gift from Okawaru
 49254 | Orc:1    | Noticed Nergalle
 49261 | Orc:1    | Killed Nergalle
 49261 | Orc:1    | Reached XP level 20. HP: 167/191 MP: 23/23
 49815 | Slime:1  | Entered Level 1 of the Pits of Slime
 49906 | Slime:1  | Reached skill level 23 in Long Blades
 50652 | Slime:2  | Gained mutation: You are weak. (Str -2) [a shining eye]
 50653 | Slime:2  | Gained mutation: Potions and wands are less effective at restoring your health. [a shining eye]
 51971 | Vaults:1 | Entered Level 1 of the Vaults
 52557 | Vaults:1 | Received a gift from Okawaru
 52690 | Vaults:1 | Found a deep blue altar of Sif Muna.
 52800 | Vaults:1 | Found Nohan's Book Shop.
 54359 | Vaults:2 | Received a gift from Okawaru
 54362 | Vaults:2 | Got a dazzling falchion {god gift}
 54363 | Vaults:2 | Identified the +1 falchion of Tortfeasance {speed, +Rage rElec rC+ MP+9 Dex+2} (Okawaru gifted it to you on level 2 of the Vaults)
 55008 | Vaults:2 | Reached skill level 24 in Long Blades
 55208 | Vaults:2 | Noticed Wiglaf
 55216 | Vaults:2 | Killed Wiglaf
 55346 | Vaults:3 | Found a staircase to the Crypt.
 55471 | Vaults:3 | Reached XP level 21. HP: 134/200 MP: 24/24
 55485 | Vaults:3 | Found Tuecog's Book Boutique.
 55498 | Vaults:3 | Found a magical portal.
 55507 | WizLab   | Entered Iskenderun's Mystic Tower
 55556 | WizLab   | Received a gift from Okawaru
 55574 | WizLab   | Got a steaming plate armour {god gift}
 56533 | WizLab   | Identified Iskenderun's Catalogue of Noxious Combat Magic
 56533 | WizLab   | Identified Iskenderun's Almanac of Conjuration and Enchantment
 56731 | WizLab   | Identified the +6 plate armour "Maejevo" {rF+ rC+ Str+4 Int+4} (Okawaru gifted it to you in a wizard's laboratory)
 58084 | Vaults:4 | Noticed Mara
 58089 | Vaults:4 | Noticed Xtahua
 58097 | Vaults:4 | Killed Mara
 58109 | Vaults:4 | Killed Xtahua
 58203 | Vaults:4 | Received a gift from Okawaru
 58368 | Vaults:4 | Received a gift from Okawaru
 58760 | Vaults:4 | Reached skill level 25 in Long Blades
 59582 | Vaults:5 | Entered Level 5 of the Vaults
 59618 | Vaults:4 | Reached XP level 22. HP: 205/211 MP: 25/25
 59700 | Vaults:5 | Received a gift from Okawaru
 59821 | Vaults:5 | Killed from afar by a sphinx

Action                   |  1- 3 |  4- 6 |  7- 9 | 10-12 | 13-15 | 16-18 | 19-21 | 22-24 || total
-------------------------+-------+-------+-------+-------+-------+-------+-------+-------++-------
Melee: Long sword        |    95 |   154 |    33 |   656 |   995 |       |     3 |       ||  1936
       Falchion          |       |       |   509 |    11 |       |       |       |       ||   520
       Scimitar          |       |       |       |   170 |       |       |       |       ||   170
       Double sword      |       |       |       |    71 |   335 |  1430 |       |       ||  1836
       Demon blade       |       |       |       |       |   196 |   537 |  1745 |   163 ||  2641
Invok: Heroism           |       |       |       |     1 |     2 |    14 |     5 |     1 ||    23
       Finesse           |       |       |       |       |       |     1 |     3 |       ||     4
Evoke: Wand              |       |       |       |       |       |     4 |     2 |       ||     6
  Use: Potion            |       |     1 |     1 |     6 |       |     4 |     5 |     3 ||    20
       Scroll            |       |       |    15 |     7 |    25 |    17 |    12 |       ||    76
 Stab: Distracted        |       |       |       |       |     1 |       |       |       ||     1
  Eat: Chunk             |       |     4 |    15 |    22 |    33 |    38 |    37 |       ||   149
       Royal jelly       |       |       |     2 |       |     1 |       |       |       ||     3
       Beef jerky        |       |       |       |     1 |       |     6 |       |       ||     7
       Fruit             |       |       |       |       |     2 |     4 |    16 |       ||    22
       Pizza             |       |       |       |       |     2 |     4 |       |       ||     6
